 Dungeon Crawl Stone Soup version 0.28.0-45-g0d030f2227 (webtiles) character file.

Game seed: 14316145065424462953

15782 101zpm the Thaumaturge (level 12, -4/91 HPs)
             Began as a Gnoll Air Elementalist on Apr 22, 2022.
             Was a Priest of Qazlal.
             Slain by a six-headed hydra (13 damage)
             ... on level 6 of the Dungeon.
             The game lasted 01:37:54 (22007 turns).

101zpm the Thaumaturge (Gnoll Air Elementalist)    Turns: 22007, Time: 01:37:55

Health: -4/91      AC:  5    Str:  8    XL:     12   Next: 30%
Magic:  6/24       EV: 19    Int: 19    God:    Qazlal [***...]
Gold:   784        SH:  4    Dex: 13    Spells: 8/28 levels left

rFire   . . .      SeeInvis .   e - staff of conjuration
rCold   + . .      Faith    .   (no shield)
rNeg    + . .      Spirit   .   K - +1 robe of Entitlement {rN+ Regen+ rCorr}
rPois   .          Reflect  .   (no helmet)
rElec   .          Harm     .   (no cloak)
rCorr   +          Rampage  .   B - +1 pair of gloves
Will    .....                   (no boots)
Stlth   +++.......              N - amulet of the acrobat
HPRegen 1.05/turn               r - +4 ring of evasion
MPRegen 0.19/turn               M - ring of protection from cold

@: sluggish, freezing walls, very slow
A: fangs 1, strong nose, distributed training
a: Renounce Religion, Upheaval, Elemental Force


You were on level 6 of the Dungeon.
You worshipped Qazlal.
Qazlal was most pleased with you.
You visited 4 branches of the dungeon, and saw 15 of its levels.
You also visited: Ossuary.

You collected 784 gold pieces.

Inventory:

Armour
 B - a +1 pair of gloves (worn)
 K - the +1 robe of Entitlement (worn) {rN+ Regen+ rCorr}
   (You found it on level 9 of the Dungeon)

   rN:        It protects you from negative energy.
   Regen:     It increases your rate of health regeneration.
   rCorr:     It protects you from acid and corrosion.
Magical Staves
 e - a staff of conjuration (weapon)
Jewellery
 c - a ring of willpower
 k - a ring of ice
 r - a +4 ring of evasion (left hand)
 x - an amulet of reflection
 y - a ring of flight
 M - a ring of protection from cold (right hand)
 N - an amulet of the acrobat (around neck)
Wands
 i - a wand of charming (6)
 q - a wand of flame (13)
 A - a wand of digging (3)
 C - a wand of polymorph (10)
 O - a wand of paralysis (6)
Scrolls
 a - 2 scrolls of enchant weapon
 d - 8 scrolls of teleportation
 f - a scroll of vulnerability
 g - 2 scrolls of blinking
 l - 4 scrolls of torment
 n - 2 scrolls of fog
 u - a scroll of enchant armour {unknown}
 w - a scroll of silence {unknown}
 D - a scroll of amnesia {unknown}
 E - a scroll of identify
 G - 2 scrolls of fear
 L - a scroll of noise {unknown}
 P - a scroll of immolation {unknown}
Potions
 b - a potion of berserk rage {unknown}
 h - 2 potions of ambrosia {unknown}
 j - 5 potions of heal wounds
 m - 4 potions of curing
 o - 2 potions of degeneration {unknown}
 p - 2 potions of brilliance {unknown}
 s - 2 potions of flight {unknown}
 t - 5 potions of mutation {unknown}
 v - a potion of resistance {unknown}
 z - a potion of might {unknown}
 F - a potion of attraction {unknown}
 H - a potion of invisibility {unknown}
 I - 2 potions of cancellation {unknown}
 J - 5 potions of haste {unknown}


   Skills:
 + Level 7.1 Fighting
 + Level 7.1 Short Blades
 + Level 7.1 Long Blades
 + Level 7.1 Axes
 + Level 7.1 Maces & Flails
 + Level 7.1 Polearms
 + Level 7.1 Staves
 + Level 7.1 Slings
 + Level 7.1 Bows
 + Level 7.1 Crossbows
 + Level 7.1 Throwing
 + Level 7.1 Armour
 + Level 8.6 Dodging
 + Level 8.4 Stealth
 + Level 7.1 Shields
 + Level 7.1 Unarmed Combat
 + Level 8.8 Spellcasting
 + Level 6.3 Conjurations
 + Level 5.9 Hexes
 + Level 5.9 Summonings
 + Level 5.9 Necromancy
 + Level 5.9 Translocations
 + Level 5.9 Transmutations
 + Level 5.9 Fire Magic
 + Level 5.9 Ice Magic
 + Level 8.2 Air Magic
 + Level 5.9 Earth Magic
 + Level 5.9 Poison Magic
 + Level 7.8 Invocations
 + Level 7.1 Evocations


You had 8 spell levels left.
You knew the following spells:

 Your Spells              Type           Power      Damage    Failure   Level
a - Shock                 Conj/Air       100%       1d9       1%          1
b - Apportation           Tloc           62%        N/A       1%          1
c - Swiftness             Air            39%        N/A       1%          3
d - Airstrike             Air            19%        N/A       2%          4
e - Frozen Ramparts       Ice            62%        1d8       2%          3
f - Static Discharge      Conj/Air       52%        N/A       1%          2
g - Blink                 Tloc           62%        N/A       1%          2
h - Magic Dart            Conj           100%       1d8       1%          1
i - Mephitic Cloud        Conj/Pois/Air  51%        N/A       1%          3

Your spell library contained the following spells:

 Spells                   Type           Power      Damage    Failure   Level
 Animate Skeleton         Necr           62%        N/A       1%          1
 Beastly Appendage        Tmut           62%        N/A       1%          1
 Summon Small Mammal      Summ           100%       N/A       1%          1
 Call Imp                 Summ           31%        N/A       1%          2
 Wereblood                Tmut           31%        N/A       1%          2
 Lesser Beckoning         Tloc           31%        N/A       2%          3
 Spider Form              Tmut/Pois      31%        N/A       2%          3
 Ice Form                 Ice/Tmut       31%        N/A       7%          4
 Summon Ice Beast         Ice/Summ       31%        N/A       7%          4
 Manifold Assault         Tloc           31%        N/A       21%         5
 Storm Form               Tmut/Air       17%        N/A       98%         7


Dungeon Overview and Level Annotations

Branches:
Dungeon (11/15)            Temple (1/1) D:4            Lair (1/6) D:8
    Orc (2/2) D:9         Ossuary (visited)
    Elf: Orc:2

Altars:
Ashenzari
Cheibriados
Dithmenos
Elyvilon
Fedhas
Gozag
Hepliaklqana
Kikubaaqudgha
Makhleb
Nemelex Xobeh
Okawaru
Qazlal
Ru
Sif Muna
Trog
Uskayaw
Vehumet
Wu Jian
Xom
Yredelemnul
Zin
The Shining One

Annotations:
D:10 Gastronok


Innate Abilities, Weirdness & Mutations

You have very sharp teeth.
Your uncanny sense of smell can sniff out nearby items.
Your experience applies equally to all skills.


Message History

Press: ? - help, Dir - move target, f/p - six-headed hydra
Aim: a six-headed hydra (moderately wounded, empty space bonus: 2/8)
The air twists around and strikes the six-headed hydra!
The six-headed hydra is heavily wounded.
The wall freezes the six-headed hydra.
The six-headed hydra seems to slow down.
The six-headed hydra barely misses you.
The six-headed hydra closely misses you.
The six-headed hydra bites you but does no damage.
The six-headed hydra bites you. The six-headed hydra bites you!
The six-headed hydra bites you.
Aiming: Shock (safe; 1% risk of failure)
Press: ? - help, Q - select action, (/) - cycle Shift-Dir - straight line, f/p - six-headed hydra
Aim: a six-headed hydra (heavily wounded, slow, 91% to hit)
You feel a surge of power!
The zap hits the six-headed hydra.
The six-headed hydra is severely wounded.
You start to feel a little faster.
The wall freezes the six-headed hydra!
The six-headed hydra misses you. The six-headed hydra bites you!
* * * LOW HITPOINT WARNING * * *
The six-headed hydra bites you but does no damage.
The six-headed hydra bites you.
* * * LOW HITPOINT WARNING * * *
The six-headed hydra completely misses you.
The six-headed hydra misses you.
Aiming: Shock (safe; 1% risk of failure)
Press: ? - help, Q - select action, (/) - cycle Shift-Dir - straight line, f/p - six-headed hydra
Aim: a six-headed hydra (severely wounded, slow, 91% to hit)
You feel a surge of power!
The zap misses the six-headed hydra.
Aiming: Shock (safe; 1% risk of failure)
Press: ? - help, Q - select action, (/) - cycle Shift-Dir - straight line, f/p - six-headed hydra
Aim: a six-headed hydra (severely wounded, slow, 91% to hit)
You feel a surge of power!
The zap hits the six-headed hydra.
The six-headed hydra is severely wounded.
The wall freezes the six-headed hydra.
The six-headed hydra bites you but does no damage.
The six-headed hydra bites you!
* * * LOW HITPOINT WARNING * * *
The six-headed hydra bites you!
You die...

### #.# #<# #.# #.# ### #.#
#####.#### ########.## #...#.....
#.........# #### #...#.####
#..[......######@.# #...#.#
#.........##≈≈≈≈#D# #...#.# #
#.........##...≈#.# #...#.# #
#.........##...≈#.######...#.# #
#.........##...≈#....D.......####
########.#.#...≈#................
#.#.'#########.###########
########.#.###...# #............
#......#.#.# #...# #############


You could see a six-headed hydra (slow).

Vanquished Creatures
  4 hydras
  3 two-headed ogres
  An ice devil (D:11)
  A komodo dragon (D:10)
  2 kobold demonologists (D:10)
  4 trolls
  Prince Ribbit (D:6)
  20 yaks
  2 steam dragons
  Grum (D:8)
  An acid dragon (D:9)
  A water moccasin (D:3)
  5 black bears
  14 orc warriors
  An ice beast (D:7)
  2 sky beasts
  2 necrophages
  2 ogres
  2 wolves (D:8)
  3 phantoms
  2 centaurs
  Blork the orc (D:7)
  5 bullfrogs
  5 kobold brigands
  3 gnoll sergeants
  A wyvern zombie (D:9)
  A scorpion (D:6)
  9 wights
  2 howler monkeys
  2 electric eels (D:8)
  2 bullfrog zombies (D:6)
  4 jellies
  2 bullfrog skeletons (D:6)
  9 orc priests
  3 hounds
  2 centaur skeletons
  A gnoll shaman (D:5)
  Ijyb (D:4)
  14 orc wizards
  2 iguanas (D:7)
  A hound zombie (D:5)
  8 mummies (Ossuary)
  A howler monkey zombie (D:9)
  8 gnolls
  9 adders
  A shadow imp (D:7)
  2 ufetubi
  A worm (D:5)
  3 dart slugs (D:1)
  35 orcs
  9 ball pythons
  12 endoplasms
  4 giant cockroaches
  2 gnoll zombies (Ossuary)
  4 goblins
  4 hobgoblins
  25 kobolds
  2 quokkas
  5 bats
  A frilled lizard (D:3)
  A hobgoblin zombie (Ossuary)
  2 kobold zombies (Ossuary)
  3 orc zombies (Ossuary)
  7 rats
293 creatures vanquished.

Vanquished Creatures (others)
  10 fungi
  14 plants (D:8)
24 creatures vanquished.

Grand Total: 317 creatures vanquished

Notes
Turn   | Place    | Note
-------+----------+-------------------------------------------
     0 | D:1      | 101zpm the Gnoll Air Elementalist began the quest for the
                  | Orb.
     0 | D:1      | Reached XP level 1. HP: 13/13 MP: 6/6
    73 | D:3      | Noticed a water moccasin
   252 | D:2      | Reached XP level 2. HP: 14/20 MP: 1/7
   460 | D:2      | Reached skill level 5 in Spellcasting
   460 | D:2      | Reached XP level 3. HP: 25/25 MP: 3/9
   787 | D:3      | Noticed an ogre
  1273 | D:1      | Reached skill level 1 in Invocations
  1661 | D:1      | Reached skill level 1 in Fighting
  1661 | D:1      | Reached skill level 1 in Short Blades
  1661 | D:1      | Reached skill level 1 in Long Blades
  1661 | D:1      | Reached skill level 1 in Axes
  1661 | D:1      | Reached skill level 1 in Maces & Flails
  1661 | D:1      | Reached skill level 1 in Polearms
  1661 | D:1      | Reached skill level 1 in Staves
  1661 | D:1      | Reached skill level 1 in Slings
  1661 | D:1      | Reached skill level 1 in Bows
  1661 | D:1      | Reached skill level 1 in Crossbows
  1661 | D:1      | Reached skill level 1 in Throwing
  1661 | D:1      | Reached skill level 1 in Armour
  1661 | D:1      | Reached skill level 1 in Shields
  1661 | D:1      | Reached skill level 1 in Unarmed Combat
  1661 | D:1      | Reached skill level 1 in Evocations
  1806 | D:1      | Reached XP level 4. HP: 32/32 MP: 9/11
  1808 | D:1      | Learned a level 1 spell: Apportation
  1812 | D:1      | Learned a level 3 spell: Swiftness
  1817 | D:1      | Learned a level 4 spell: Airstrike
  1821 | D:1      | Learned a level 3 spell: Frozen Ramparts
  2253 | D:3      | Reached skill level 1 in Hexes
  2253 | D:3      | Reached skill level 1 in Summonings
  2253 | D:3      | Reached skill level 1 in Necromancy
  2253 | D:3      | Reached skill level 1 in Translocations
  2253 | D:3      | Reached skill level 1 in Transmutations
  2253 | D:3      | Reached skill level 1 in Fire Magic
  2253 | D:3      | Reached skill level 1 in Ice Magic
  2253 | D:3      | Reached skill level 1 in Earth Magic
  2253 | D:3      | Reached skill level 1 in Poison Magic
  2524 | D:3      | Killed an ogre
  2525 | D:3      | Reached XP level 5. HP: 37/37 MP: 2/12
  2692 | D:3      | Killed a water moccasin
  2693 | D:3      | Reached XP level 6. HP: 44/44 MP: 0/14
  2875 | D:3      | Found a shadowy altar of Dithmenos.
  3099 | D:3      | Reached skill level 5 in Dodging
  3241 | D:3      | Learned a level 2 spell: Static Discharge
  3282 | D:5      | Entered Level 5 of the Dungeon
  3325 | D:4      | Found a hide-covered altar of Uskayaw.
  3446 | D:4      | Noticed Ijyb
  3451 | D:4      | Killed Ijyb
  3881 | D:4      | Found a staircase to the Ecumenical Temple.
  4240 | D:5      | Reached XP level 7. HP: 50/50 MP: 9/15
  4918 | Temple   | Entered the Ecumenical Temple
  5141 | D:5      | Reached skill level 5 in Stealth
  5884 | D:5      | Reached XP level 8. HP: 57/57 MP: 4/16
  6408 | D:6      | Learned a level 2 spell: Blink
  6410 | D:6      | Learned a level 1 spell: Magic Dart
  6413 | D:6      | Noticed Prince Ribbit
  6544 | D:6      | Killed Prince Ribbit
  7024 | D:6      | Found a sand-covered staircase.
  7028 | Ossuary  | Entered an ossuary
  8153 | D:6      | Found a blossoming altar of Fedhas.
  8861 | D:6      | Reached XP level 9. HP: 36/65 MP: 8/18
  9890 | Temple   | Became a worshipper of Qazlal Stormbringer
 11287 | D:7      | Reached skill level 5 in Invocations
 12003 | D:7      | Noticed Blork the orc
 12013 | D:7      | Killed Blork the orc
 12014 | D:7      | Reached XP level 10. HP: 73/73 MP: 2/20
 12313 | D:7      | Reached * piety under Qazlal
 13087 | D:8      | Reached skill level 5 in Fighting
 13087 | D:8      | Reached skill level 5 in Short Blades
 13087 | D:8      | Reached skill level 5 in Long Blades
 13087 | D:8      | Reached skill level 5 in Axes
 13087 | D:8      | Reached skill level 5 in Maces & Flails
 13087 | D:8      | Reached skill level 5 in Polearms
 13087 | D:8      | Reached skill level 5 in Staves
 13087 | D:8      | Reached skill level 5 in Slings
 13087 | D:8      | Reached skill level 5 in Bows
 13087 | D:8      | Reached skill level 5 in Crossbows
 13087 | D:8      | Reached skill level 5 in Throwing
 13087 | D:8      | Reached skill level 5 in Armour
 13087 | D:8      | Reached skill level 5 in Shields
 13087 | D:8      | Reached skill level 5 in Unarmed Combat
 13087 | D:8      | Reached skill level 5 in Evocations
 13088 | D:8      | Noticed Grum
 13495 | D:8      | Found a sacrificial altar of Ru.
 13656 | D:8      | Killed Grum
 13671 | D:8      | Reached skill level 5 in Conjurations
 13824 | D:8      | Noticed a two-headed ogre
 13829 | D:8      | Killed a two-headed ogre
 13983 | D:8      | Found a staircase to the Lair.
 14892 | D:9      | Reached XP level 11. HP: 44/81 MP: 7/22
 15147 | D:9      | Identified the +1 robe of Entitlement {rN+ Regen+ rCorr}
                  | (You found it on level 9 of the Dungeon)
 15438 | D:9      | Reached ** piety under Qazlal
 16967 | D:9      | Found a staircase to the Orcish Mines.
 16990 | D:9      | Reached skill level 5 in Hexes
 16990 | D:9      | Reached skill level 5 in Summonings
 16990 | D:9      | Reached skill level 5 in Necromancy
 16990 | D:9      | Reached skill level 5 in Translocations
 16990 | D:9      | Reached skill level 5 in Transmutations
 16990 | D:9      | Reached skill level 5 in Fire Magic
 16990 | D:9      | Reached skill level 5 in Ice Magic
 16990 | D:9      | Reached skill level 5 in Earth Magic
 16990 | D:9      | Reached skill level 5 in Poison Magic
 17905 | D:9      | Learned a level 3 spell: Mephitic Cloud
 17968 | Orc:1    | Entered Level 1 of the Orcish Mines
 18315 | Orc:2    | Entered Level 2 of the Orcish Mines
 18315 | Orc:2    | Noticed an orc knight
 18315 | Orc:2    | Noticed an orc knight
 18317 | Orc:2    | Noticed an orc sorcerer
 18323 | Orc:2    | Noticed an orc knight
 18476 | D:10     | Entered Level 10 of the Dungeon
 18964 | D:11     | Noticed an eight-headed hydra
 18971 | D:11     | HP: 4/81 [eight-headed hydra (2)]
 18972 | D:11     | Killed an eight-headed hydra
 19331 | D:11     | Reached *** piety under Qazlal
 19838 | D:10     | Noticed a two-headed ogre
 19844 | D:10     | Killed a two-headed ogre
 19945 | D:10     | Noticed a two-headed ogre
 19958 | D:10     | Killed a two-headed ogre
 19985 | D:10     | Noticed a seven-headed hydra
 20364 | D:10     | Reached XP level 12. HP: 76/89 MP: 8/24
 20723 | D:10     | Killed a seven-headed hydra
 21288 | D:11     | Noticed Gastronok
 21597 | Lair:1   | Entered Level 1 of the Lair of Beasts
 21597 | Lair:1   | Noticed an eight-headed hydra
 21603 | Lair:1   | Killed an eight-headed hydra
 21605 | Lair:1   | Noticed a four-headed hydra
 21825 | Lair:1   | Noticed a six-headed hydra
 21844 | D:8      | Killed a four-headed hydra
 22007 | D:6      | Slain by a six-headed hydra

Illustrated notes

Levels and vault maps discovered:
D:1:      roderic_dead_forest, layout_loops_ring
D:2:      layout_rooms, kennysheep_small_spiral
D:3:      layout_rooms, mainiacjoe_overflow_alcove_2, minmay_close_crescents
D:4:      layout_basic, old_standard_altar,
          minmay_temple_entry_statues_fountains, uniq_ijyb
D:5:      layout_layer_cave, cheibrodos_sewer_entry_drain, serial_rivers,
          chequers_serial_rivers_small_b, chequers_serial_rivers_room_b,
          chequers_serial_rivers_room_b, chequers_serial_rivers_micro_a,
          chequers_serial_rivers_room_a, chequers_serial_rivers_large_a
D:6:      layout_basic, fedhas_altar_2, serial_curves, eino_curves_04,
          eino_curves_04, nicolae_ossuary_entry_plus,
          chequers_serial_rivers_room_a, minmay_diced_spiral,
          uniq_prince_ribbit1
D:7:      layout_basic, sword_in_stone
D:8:      layout_cave_pools, kennysheep_mini_moat,
          grunt_lair_entry_orc_guard_hut, minmay_orc_keep, uniq_grum
D:9:      layout_long_grid, orc_david_3
D:10:     layout_roguey, chequers_decorated_corner
D:11:     layout_loops_ring, serial_ice, serial_ice_b, serial_ice_h,
          serial_ice_o, serial_ice_n, portal_ice_cave_demonic_guard,
          uniq_gastronok
Temple:   mainiacjoe_temple_coin_purse
Lair:1:   layout_regular_city, chequers_serial_rivers_micro_d
Orc:1:    layout_diamond_mine, basic_altar
Orc:2:    st_orc_elflike, layout_diamond_mine, serial_shops, shop,
          guppyfry_orc_lava_fort

Skill      XL: |  1  2  3  4  5  6  7  8  9 10 11 12 |
---------------+-------------------------------------+-----
Conjurations   | 2 3 4 5 6 |  6.3
Spellcasting   | 5 6 7 8 |  8.8
Invocations    | 1 2 3 4 5 6 7 |  7.8
Fighting       | 1 2 3 4 5 6 7 |  7.1
Short Blades   | 1 2 3 4 5 6 7 |  7.1
Long Blades    | 1 2 3 4 5 6 7 |  7.1
Axes           | 1 2 3 4 5 6 7 |  7.1
Maces & Flails | 1 2 3 4 5 6 7 |  7.1
Polearms       | 1 2 3 4 5 6 7 |  7.1
Staves         | 1 2 3 4 5 6 7 |  7.1
Slings         | 1 2 3 4 5 6 7 |  7.1
Bows           | 1 2 3 4 5 6 7 |  7.1
Crossbows      | 1 2 3 4 5 6 7 |  7.1
Throwing       | 1 2 3 4 5 6 7 |  7.1
Armour         | 1 2 3 4 5 6 7 |  7.1
Shields        | 1 2 3 4 5 6 7 |  7.1
Unarmed Combat | 1 2 3 4 5 6 7 |  7.1
Evocations     | 1 2 3 4 5 6 7 |  7.1
Hexes          | 1 2 3 4 5 |  5.9
Summonings     | 1 2 3 4 5 |  5.9
Necromancy     | 1 2 3 4 5 |  5.9
Translocations | 1 2 3 4 5 |  5.9
Transmutations | 1 2 3 4 5 |  5.9
Fire Magic     | 1 2 3 4 5 |  5.9
Ice Magic      | 1 2 3 4 5 |  5.9
Earth Magic    | 1 2 3 4 5 |  5.9
Poison Magic   | 1 2 3 4 5 |  5.9
Dodging        | 5 6 7 8 |  8.6
Stealth        | 5 6 7 8 |  8.4
Air Magic      | 6 7 8 |  8.2

Action                   |  1- 3 |  4- 6 |  7- 9 | 10-12 || total
-------------------------+-------+-------+-------+-------++-------
Melee: Unarmed           |     1 |       |       |       ||     1
       Staff             |       |       |    30 |    49 ||    79
       Bite              |       |       |     4 |     3 ||     7
       Punch             |       |       |     2 |     1 ||     3
 Cast: Shock             |    57 |    73 |   144 |   213 ||   487
       Airstrike         |       |     8 |    83 |   152 ||   243
       Apportation       |       |     2 |     1 |     2 ||     5
       Swiftness         |       |       |     1 |     2 ||     3
       Magic Dart        |       |       |    10 |       ||    10
       Frozen Ramparts   |       |       |     7 |    32 ||    39
       Static Discharge  |       |       |    14 |     9 ||    23
       Blink             |       |       |     1 |     1 ||     2
       Mephitic Cloud    |       |       |       |     5 ||     5
  Use: Scroll            |       |     2 |     3 |     5 ||    10
Armor: Robe              |     2 |     2 |    14 |    21 ||    39
Dodge: Dodged            |     3 |     3 |    75 |   209 ||   290
Block: Other             |       |       |     1 |    34 ||    35
       Reflection        |       |       |       |     2 ||     2
